 Dungeon Crawl Stone Soup version 0.32-a0-132-g2d33c3cfaf (webtiles) character file.

Game seed: 18021655107501202130

46 cforsyth the Magician (level 3, -2/43 HPs)
             Began as a Djinni Hexslinger on Feb 9, 2024.
             Slain by a hobgoblin (4 damage)
             ... led by Robin
             ... on level 2 of the Dungeon.
             The game lasted 00:03:27 (1503 turns).

cforsyth the Magician (Djinni Hexslinger)           Turns: 1503, Time: 00:03:28

Health: -2/43      AC: 21    Str:  7    XL:     3   Next: 92%
Gold:   130        EV:  2    Int: 16    God:
                   SH:  0    Dex: 15

rFire   . . .        a - +1 sling
rCold   . . .        (no shield)
rNeg    . . .        c - melded +0 robe
rPois   ∞            (helmet currently unavailable)
rElec   .            k - melded scarf {rC+ rF+}
rCorr   .            (gloves currently unavailable)
SInv    .            (boots unavailable)
Will    +....        (no amulet)
Stlth   +            (no ring)
HPRegen 0.27/turn    (no ring)
MPRegen 0.00/turn

%: infuse magic (-3 HP)
@: brilliant, tree-form, enlightened
A: stationary, stasis, torment immunity, boosted hp, sickness immunity, (fire
resistance 2), (cold vulnerability 1), float, innate caster, HP casting, extra
vitality 1
a: no special abilities


You were on level 2 of the Dungeon.
You were a tree.
You visited 1 branch of the dungeon, and saw 3 of its levels.

You collected 130 gold pieces.


Innate Abilities, Weirdness & Mutations

You are a tree.
Your roots penetrate the ground, keeping you stationary.
You cannot be teleported.
You are immune to unholy pain and torment.
Your maximum health is greatly increased.
Your equipment is partially melded.
You are immune to sickness and miasma.
You are immune to poison.
((Your flesh is very heat resistant. (rF++)))
((You are vulnerable to cold. (rC-)))
You float through the air rather than walking.
You learn spells naturally, not from books.
Your magical power is your life essence.
You have superior vitality. (+4 MHP)


   Skills:
 + Level 2.5 Fighting
 - Level 1.5 Ranged Weapons
 - Level 2.1 Dodging
 + Level 3.2 Spellcasting
 + Level 3.2 Conjurations
 + Level 3.2 Hexes
 + Level 3.2 Summonings
 + Level 3.2 Necromancy
 + Level 3.2 Translocations
 + Level 3.2 Fire Magic
 + Level 3.2 Ice Magic
 + Level 3.2 Air Magic
 + Level 3.2 Earth Magic
 + Level 3.2 Alchemy


You knew the following spells:

 Your Spells              Type           Power      Damage    Failure   Level
c - Cause Fear            Hex            9%         N/A       43%         4
f - Inner Flame           Hex/Fire       19%        N/A       14%         3
z - Sting                 Conj/Alch      76%        1d7       4%          1
X - Jinxbite              Hex            38%        N/A       8%          2
Y - Sigil of Binding      Hex            19%        N/A       14%         3
Z - Dimensional Bullseye  Hex/Tloc       9%         N/A       43%         4
Your spell library was empty.

Inventory:

Hand Weapons
 a - a +1 sling (weapon)
Armour
 c - a +0 robe (melded)
 k - a scarf of resistance (melded)
Scrolls
 b - 2 scrolls of poison
 d - 2 scrolls of identify {@r1}
Potions
 e - a potion of enlightenment
 f - a potion of brilliance
 j - 2 potions of degeneration

Dungeon Overview and Level Annotations

Branches:
Dungeon (3/15)

Altars:
Dithmenos

Shops:
D:2 [

Annotations:
D:2 Robin

#.......##^.....# ####
#.###......#....###...
#####.###......#....#.....
#.....##.......#..........
#.....##.......#.....#....
#..............<#....#....
#.....########............
#.....###gg§...#..........
####...§g♣g§..........#...
#...§#gB§..............
#....#§§...............
#......................
####......................
#....#..........#.........
#...............##+#.....#
#...............##.#.....#
#...............##.#.....#


You could see Robin, a giant cockroach, a hobgoblin (strong) and 3 goblins.


Message History

The giant cockroach bites you but does no damage.
The goblin hits you but does no damage. x3
The hobgoblin hits you but does no damage.
Unknown command.
You shoot a sling bullet. The sling bullet hits Robin.
Robin is severely wounded.
The giant cockroach completely misses you.
The goblin hits you but does no damage.
The hobgoblin hits you but does no damage.
The goblin hits you but does no damage. x2
The giant cockroach bites you but does no damage.
You shoot a sling bullet.
The sling bullet completely misses Robin.
The goblin hits you but does no damage. x2
The hobgoblin hits you but does no damage.
Robin says, "Bow before me, strongest of all the hobgoblins!"
Robin hits you but does no damage. The goblin hits you but does no damage.
The giant cockroach bites you but does no damage.
You shoot a sling bullet. The sling bullet closely misses Robin.
The giant cockroach bites you but does no damage.
The goblin hits you with a +0 dagger.
* * * LOW HITPOINT WARNING * * *
The hobgoblin hits you but does no damage.
The goblin hits you but does no damage. The goblin hits you with a +0 club.
* * * LOW HITPOINT WARNING * * *
The giant cockroach bites you but does no damage.
Robin hits you but does no damage. The goblin hits you with a +0 club.
* * * LOW HITPOINT WARNING * * *
The goblin hits you but does no damage. x2; The hobgoblin hits you.
You die...

Skill      XL: |  1  2 |
---------------+-------+-----
Fighting       | 2 |  2.5
Spellcasting   | 3 |  3.2
Conjurations   | 3 |  3.2
Hexes          | 3 |  3.2
Summonings     | 3 |  3.2
Necromancy     | 3 |  3.2
Translocations | 3 |  3.2
Fire Magic     | 3 |  3.2
Ice Magic      | 3 |  3.2
Air Magic      | 3 |  3.2
Earth Magic    | 3 |  3.2
Alchemy        | 3 |  3.2
Ranged Weapons | |  1.5
Dodging        | |  2.1

Action                     || total
---------------------------++-------
   Fire: Sling             ||   110
   Cast: Sting             ||     6
    Use: Scroll            ||     3
         Potion            ||     3
 Armour: Robe              ||    55
         Skin              ||    58
  Dodge: Dodged            ||    65

Levels and vault maps discovered:
D:1:      lightli_arrival_isolated_outpost, layout_basic, minmay_door_square
D:2:      layout_basic, ebering_ecumenical_altar_rust, basic_altar,
          serial_shops, nicolae_square_shop
D:3:      layout_loops_cross, nicolae_overflow_macrodata_refinement,
          chequers_serial_rivers_small_3, hangedman_decor_clover_reticule,
          uniq_robin

Notes
Turn   | Place    | Note
-------+----------+-------------------------------------------
     0 | D:1      | cforsyth the Djinni Hexslinger began the quest for the Orb.
     0 | D:1      | cforsyth set off with the following spells memorised:
                  | Jinxbite, Sigil of Binding, Inner Flame, Cause Fear,
                  | Dimensional Bullseye.
     0 | D:1      | Reached XP level 1. HP: 17/17 MP: 0/0
   222 | D:1      | Reached XP level 2. HP: 22/22 MP: 0/0
   623 | D:1      | Reached skill level 2 in Fighting
   623 | D:1      | Reached skill level 3 in Spellcasting
   623 | D:1      | Reached skill level 3 in Conjurations
   623 | D:1      | Reached skill level 3 in Hexes
   623 | D:1      | Reached skill level 3 in Summonings
   623 | D:1      | Reached skill level 3 in Necromancy
   623 | D:1      | Reached skill level 3 in Translocations
   623 | D:1      | Reached skill level 3 in Fire Magic
   623 | D:1      | Reached skill level 3 in Ice Magic
   623 | D:1      | Reached skill level 3 in Air Magic
   623 | D:1      | Reached skill level 3 in Earth Magic
   623 | D:1      | Reached skill level 3 in Alchemy
   623 | D:1      | Reached XP level 3. HP: 10/28 MP: 0/0
   623 | D:1      | Learned a level 1 spell: Sting
  1052 | D:2      | Found Howi's Antique Armour Emporium.
  1098 | D:2      | Found a shadowy altar of Dithmenos.
  1291 | D:2      | Found a faded altar of an unknown god.
  1366 | D:2      | Identified a scarf of resistance
  1451 | D:3      | Noticed Robin
  1503 | D:2      | HP: 3/43 [goblin/+0 club[Robin] (5)]
  1503 | D:2      | Slain by a hobgoblin

Vanquished Creatures
  2 adders
  2 ribbon worms (D:2)
  A giant cockroach (D:1)
  4 goblins
  A hobgoblin (D:1)
  4 jackals (D:1)
  2 kobolds
  A quokka (D:2)
  3 ball pythons
  3 bats
  A frilled lizard (D:2)
24 creatures vanquished.

Table legend: (Time is in decaauts)
 A = Elapsed time spent in this place.
 B = Non-inter-level travel time spent in this place.
 C = Inter-level travel time spent in this place.
 D = Time resting spent in this place.
 E = Time spent auto-exploring this place.
 F = Levels seen in this place.
 G = Mean time per level.
                   A        B        C        D        E       F      G
               +--------+--------+--------+--------+--------+-----+--------+
         Total |   1540 |   1501 |     39 |    196 |   1015 |   3 |  513.3 |
       Dungeon |   1540 |   1501 |     39 |    196 |   1015 |   3 |  513.3 |
               +--------+--------+--------+--------+--------+-----+--------+

Top non-repeatable levels by time:
     D:2: 831 daAuts
     D:1: 702 daAuts
     D:3: 6 daAuts

Table legend:
 A = Non-vault XP
 B = Vault XP
 C = Vault XP percentage of total XP
 D = Non-vault monster count
 E = Vault monster count
 F = Vault count percentage of total count
                 A         B        C        D         E       F
            +---------+---------+-------+---------+---------+-------
      Total |      63 |       3 |   4.5 |      22 |       2 |   8.3
            +---------+---------+-------+---------+---------+-------
        D:1 |      30 |       0 |   0.0 |      11 |       0 |   0.0
        D:2 |      33 |       2 |   5.7 |      11 |       1 |   8.3
        D:3 |       0 |       1 | 100.0 |       0 |       1 | 100.0
            +---------+---------+-------+---------+---------+-------
